 Dungeon Crawl Stone Soup version 0.28-a0-80-g9707f7362f (webtiles) character file.

Game seed: 8950352887784251615

767 deadmanwalking the Vandal (level 7, -3/50 HPs)
             Began as a Minotaur Hunter on Aug 5, 2021.
             Was an Initiate of Gozag.
             Slain by a sun demon (12 damage)
             ... summoned by Xom
             ... on level 5 of the Dungeon.
             The game lasted 00:14:15 (5191 turns).

deadmanwalking the Vandal (Minotaur Hunter)         Turns: 5191, Time: 00:14:15

Health: -3/50      AC: 11    Str: 17    XL:     7   Next: 52%
Magic:  6/6        EV: 10    Int:  8    God:    Gozag
Gold:   499        SH:  0    Dex:  8    Spells: 6/6 levels left

rFire   . . .      SeeInvis .   b - +2 flail (protect)
rCold   + . .      Faith    .   (no shield)
rNeg    . . .      Spirit   .   k - +1 ring mail
rPois   .          Reflect  .   (helmet restricted)
rElec   .          Harm     .   i - +2 cloak "Equyck" {rC+}
rCorr   .          Rampage  .   (no gloves)
Will    .....                   (no boots)
Stlth   +.........              (no amulet)
HPRegen 0.00/turn               (no ring)
MPRegen 0.10/turn               (no ring)

@: inhibited regen
A: horns 2, retaliatory headbutt, iridescent scales 1, clumsy 1, dopey 1, frail
1, inhibited regeneration
a: Renounce Religion, Potion Petition, Call Merchant, Bribe Branch


You were on level 5 of the Dungeon.
You worshipped Gozag.
Gozag was aware of your devotion.
You visited 2 branches of the dungeon, and saw 6 of its levels.
You also visited: Sewer.

You collected 545 gold pieces.
You paid 46 gold pieces to Gozag.

Inventory:

Hand Weapons
 a - a +2 vorpal hunting sling
 b - a +2 flail of protection (weapon)
Missiles
 d - 20 sling bullets
 e - 80 stones (quivered)
 g - 26 bolts
 h - 7 boomerangs
 q - 21 poisoned darts
Armour
 c - a +0 leather armour
 i - the +2 cloak "Equyck" (worn) {rC+}
   (You acquired it on level 1 of the Dungeon)

   rC:        It protects you from cold.
 k - a +1 ring mail (worn)
 x - a +0 cloak
Wands
 t - a wand of mindburst (16)
 y - a wand of charming (10)
Potions
 f - 3 potions of brilliance
 j - a potion of cancellation
 l - 6 potions of curing
 m - a potion of might
 n - 3 potions of mutation
 o - a potion of ambrosia {unknown}
 p - 2 potions of heal wounds
 r - a potion of lignification {unknown}
 s - a potion of degeneration {unknown}
 u - a potion of resistance {unknown}
 v - 2 potions of haste {unknown}
 w - a potion of invisibility {unknown}
 z - a potion of flight {unknown}


   Skills:
 - Level 2.4 Fighting
 + Level 6.9 Maces & Flails
 + Level 7.9 Slings
 - Level 2.1 Dodging
 - Level 0.7 Stealth


You had 6 spell levels left.
You didn't know any spells.
Your spell library contained the following spells:

 Spells                   Type           Power      Damage    Failure   Level
 Stone Arrow              Conj/Erth      0%         3d7       94%         3
 Animate Armour           Summ/Erth      0%         N/A       100%        4
 Summon Ice Beast         Ice/Summ       0%         N/A       100%        4
 Summon Mana Viper        Hex/Summ       0%         N/A       100%        5
 Monstrous Menagerie      Summ           0%         N/A       100%        7
 Lehudib's Crystal Spear  Conj/Erth      0%         10d2      100%        8


Dungeon Overview and Level Annotations

Branches:
Dungeon (5/15)             Temple (1/1) D:4           Sewer (visited)

Altars:
Ashenzari
Cheibriados
Dithmenos
Elyvilon
Fedhas
Gozag
Hepliaklqana
Makhleb
Nemelex Xobeh
Okawaru
Qazlal
Ru
Sif Muna
Trog
Uskayaw
Vehumet
Wu Jian
Xom
Yredelemnul
Zin
The Shining One

Shops:
D:2 ?[!?


Innate Abilities, Weirdness & Mutations

You have a pair of horns on your head.
You reflexively headbutt those who attack you in melee.
You are partially covered in iridescent scales. (AC +2)
You are clumsy. (Dex -2)
You are dopey. (Int -2)
You are frail. (-10% HP)
You do not regenerate when monsters are visible.


Message History

You hear some strange, mumbled words.
Something tries to affect you, but you resist.
You miss something. Something hits you but does no damage.
You barely miss something. You headbutt something!
Something hits you but does no damage.
You barely miss something. Something hits you but does no damage.
You sock something!
Your weapon exudes an aura of protection.
Reactivating autopickup.
You feel a bit more experienced.
You now have 499 gold pieces (gained 6).
Things that are here:
a +0 dagger; a +0 robe
Found a potion of mutation.
Found a stone staircase leading down. "Let's see if it's strong enough to survive yet."
Unknown command.
Press: ? - help, v - describe, . - travel
Here: a soul eater (summoned)
The floor.
Unknown command.
You aren't carrying any scrolls.
Unknown command.
Okay, then.
The ufetubus hits you but does no damage.
The ufetubus barely misses you. The ufetubus closely misses you. x2
The white imp gestures at you. The puff of frost misses you.
The ufetubus barely misses you. x2
The ufetubus hits you but does no damage.
The ufetubus barely misses you. The sun demon hits you.
You are engulfed in flames!
The ufetubus hits you but does no damage.
The ufetubus completely misses you. The ufetubus misses you.
You furiously retaliate!
You headbutt the ufetubus.
The ufetubus hits you but does no damage.
The soul eater draws from the surrounding life force!
* * * LOW HITPOINT WARNING * * *
The sun demon hits you!
You die...
Your body crumbles into a pile of gold.

**###### ##### *,...... ##...##
*,...... ##.!.>.## *,......
*******##* #.......# *.......
,,,*,,,..#*#.......# *.......
,,,,,,,...##.......# ***,......
,,,,,,,....##..3@.## **,$,......
,,,,,,,......555...# *,,*####...
,,,,,,,?...#5.45...####,,,......#
,,,,,,,......$535.......***####..
,,,,,,,......$)$5..##.##* ##..
,,,,,,,.....##$$...##.# #...
,,,,,,,...##*##..#....########.#.
,,,*,,,..** ##....#.....#....#.
*****,,.,* #..#.#,##........#


You could see a soul eater (summoned), a sun demon (summoned), an orange demon
(summoned), an iron imp (summoned), a quasit (summoned), a white imp (summoned),
3 shadow imps and 2 ufetubi.

Vanquished Creatures
  Menkaure (D:4)
  A centaur (D:5)
  A phantom (D:5)
  A scorpion (D:4)
  A bullfrog zombie (D:5)
  A hound (D:5)
  An orc priest (D:5)
  Crazy Yiuf (D:4)
  3 orc wizards
  A hound skeleton (D:4)
  6 adders
  A white imp (D:3)
  An ufetubus (D:5)
  An adder skeleton (D:4)
  2 worms
  2 dart slugs
  18 orcs
  3 bats (D:1)
  6 endoplasms
  5 giant cockroaches
  10 goblins
  6 hobgoblins
  17 jackals
  14 kobolds
  4 quokkas
  6 ball pythons
  7 frilled lizards
  2 rats (D:1)
123 creatures vanquished.

Vanquished Creatures (collateral kills)
  2 hobgoblins (D:4)
  2 goblins (D:4)
4 creatures vanquished.

Vanquished Creatures (others)
  12 plants (Sewer)
12 creatures vanquished.

Grand Total: 139 creatures vanquished

Notes
Turn   | Place    | Note
-------+----------+-------------------------------------------
     0 | D:1      | deadmanwalking the Minotaur Hunter began the quest for the
                  | Orb.
     0 | D:1      | Reached XP level 1. HP: 18/18 MP: 0/0
   253 | D:1      | Identified a scroll of acquirement
   253 | D:1      | Acquired the +2 cloak "Equyck" {rC+}
   269 | D:1      | Reached skill level 1 in Maces & Flails
   269 | D:1      | Reached XP level 2. HP: 25/25 MP: 1/1
   578 | D:1      | Found a faded altar of an unknown god.
   586 | D:1      | Became a worshipper of Xom of Chaos
   587 | D:1      | XOM: divination: detect items
   646 | D:1      | Reached skill level 5 in Slings
   947 | D:1      | Reached XP level 3. HP: 30/30 MP: 2/2
  1218 | D:2      | Found Odoomi Tuet's Armour Shoppe.
  1219 | D:2      | Found Okkol's Distillery.
  1315 | D:2      | Found Tucuwn's Magic Scroll Shoppe.
  1441 | D:2      | Found Mirghano's Magic Scroll Emporium.
  1949 | D:3      | XOM: divination: detect items
  1991 | D:3      | Reached XP level 4. HP: 37/37 MP: 3/3
  2223 | D:3      | XOM: divination: magic mapping
  2736 | D:4      | Noticed a scorpion
  2738 | D:4      | XOM: potion effect (might)
  2739 | D:4      | XOM: summons 4 friendly demons
  2743 | D:4      | Killed a scorpion
  2744 | D:4      | Reached skill level 6 in Slings
  2744 | D:4      | Reached XP level 5. HP: 40/42 MP: 4/4
  2802 | D:4      | Found a staircase to the Ecumenical Temple.
  2810 | Temple   | XOM: noise
  2810 | Temple   | Entered the Ecumenical Temple
  2921 | Temple   | Fell from the grace of Xom
  2921 | Temple   | Became a worshipper of Gozag Ym Sagoz the Greedy
  3144 | D:4      | Found a glowing drain.
  3156 | Sewer    | Entered a sewer
  3357 | Sewer    | Reached XP level 6. HP: 44/50 MP: 5/5
  3499 | Sewer    | XOM: summons 3 hostile demons
  3558 | Sewer    | XOM: give mutation
  3558 | Sewer    | Gained mutation: You are clumsy. (Dex -2) [Xom's mischief]
  3999 | D:4      | Noticed Menkaure
  4005 | D:4      | Killed Menkaure
  4006 | D:4      | Reached skill level 5 in Maces & Flails
  4006 | D:4      | Reached skill level 7 in Slings
  4410 | D:4      | Found a runed translucent door.
  4411 | D:4      | Noticed Crazy Yiuf
  4417 | D:4      | Killed Crazy Yiuf
  4553 | D:5      | Entered Level 5 of the Dungeon
  4612 | D:5      | XOM: give mutations
  4612 | D:5      | Gained mutation: You are frail. (-10% HP) [Xom's mischief]
  4612 | D:5      | Gained mutation: You are dopey. (Int -2) [Xom's mischief]
  4612 | D:5      | Gained mutation: You do not regenerate when monsters are
                  | visible. [Xom's mischief]
  4612 | D:5      | Gained mutation: You are partially covered in iridescent
                  | scales. (AC +2) [Xom's mischief]
  4624 | D:5      | Reached XP level 7. HP: 31/50 MP: 6/6
  5187 | D:5      | XOM: summons 11 hostile demons
  5188 | D:5      | Noticed a sun demon
  5188 | D:5      | Noticed a soul eater
  5188 | D:5      | Noticed an orange demon
  5191 | D:5      | Slain by a sun demon

Illustrated notes

Levels and vault maps discovered:
D:1:      evilmike_arrival_plus, layout_loops_corners,
          dreamdust_ecumenical_altar_statues
D:2:      layout_loops_ring, serial_shops, shop, shop, nicolae_shop_crystal,
          nicolae_shop_stone, kennysheep_generic_room_2
D:3:      layout_loops_ring
D:4:      cheibrodos_greedy_goblins, layout_cave_pools,
          minmay_temple_entry_mini_moons, cheibrodos_sewer_entry_bend,
          minmay_misc_feat_pillars, hangedman_abyss_or_decor_passed,
          uniq_menkaure, uniq_crazy_yiuf_cottage
D:5:      layout_rooms
Temple:   kilobyte_greek_temple

Skill      XL: |  1  2  3  4  5  6 |
---------------+-------------------+-----
Maces & Flails | 1 2 3 4 6 |  6.9
Slings         | 5 6 7 |  7.9
Fighting       | |  2.4
Dodging        | |  2.1
Stealth        | |  0.7

Action                   |  1- 3 |  4- 6 |  7- 9 || total
-------------------------+-------+-------+-------++-------
Melee: Short sword       |     1 |       |       ||     1
       Club              |     7 |       |       ||     7
       Flail             |    31 |   164 |    48 ||   243
       Headbutt          |     2 |    24 |     3 ||    29
 Fire: Hunting sling     |    97 |    15 |    17 ||   129
Evoke: Wand              |       |     1 |       ||     1
  Use: Scroll            |     5 |     6 |     1 ||    12
       Potion            |     2 |     1 |     2 ||     5
Armor: Ring mail         |    36 |   106 |    83 ||   225
       Leather armour    |     1 |       |       ||     1
Dodge: Dodged            |    30 |   104 |    48 ||   182

Table legend: (Time is in decaauts)
 A = Elapsed time spent in this place.
 B = Non-inter-level travel time spent in this place.
 C = Inter-level travel time spent in this place.
 D = Time resting spent in this place.
 E = Time spent auto-exploring this place.
 F = Levels seen in this place.
 G = Mean time per level.
                   A        B        C        D        E       F      G
               +--------+--------+--------+--------+--------+-----+--------+
         Total |   5365 |   5160 |    205 |      0 |   4012 |   7 |  766.4 |
       Dungeon |   4295 |   4127 |    168 |      0 |   3200 |   5 |  859.0 |
        Temple |    149 |    112 |     37 |      0 |     89 |   1 |  149.0 |
         Sewer |    920 |    920 |      0 |      0 |    723 |   1 |  920.0 |
               +--------+--------+--------+--------+--------+-----+--------+

Top non-repeatable levels by time:
     D:1: 1144 daAuts
     D:4: 1042 daAuts
   Sewer: 920 daAuts
     D:3: 778 daAuts
     D:2: 691 daAuts
     D:5: 639 daAuts
  Temple: 149 daAuts
